Map: Port Aleksander LE

Players

Special

  • Race: Terran Terran
  • League: Master
  • Spawn Location: 11:00

MaSa - Winner!

  • Race: Terran Terran
  • Spawn Location: 5:00

Event: 2019 WCS Spring

VOD

Have the link to the VOD?

Description

Time

  • Played on: May 18, 2019, 12:11 p.m.
  • Length: 8:59

All games in this series

Show
View Real Time Build Order
Export as new Build Order

Special Terran 

Build Orders: Reaper Expand 

Get SALT Encoding   

  12  0:00  SCV  
  13  0:12  SCV  
  14  0:19  Supply Depot  
  14  0:25  SCV  
  15  0:41  SCV  
  15  0:42  Barracks  
  16  0:45  Refinery  
  16  0:53  SCV  
  17  1:05  SCV  
  18  1:17  SCV  
  19  1:29  Orbital Command  
  19  1:30  Reaper  
  20  1:46  Command Center  
  20  1:56  SCV, Supply Depot  
  21  2:04  Marine  
  22  2:10  Factory  
  22  2:13  SCV  
  23  2:24  Barracks Reactor  
  23  2:25  SCV  
  23  2:29  Refinery  
  24  2:37  SCV  
  25  2:44  Bunker  
  25  2:49  SCV  
  26  2:57  Factory Tech Lab  
  24  3:01  Marine x2  
  24  3:02  SCV  
  24  3:14  SCV  
  20  3:21  Cyclone  
  20  3:25  Command Center  
  20  3:26  SCV  
  24  3:30  Marine  
  26  3:38  SCV  
  27  3:43  Supply Depot  
  27  3:48  Supply Depot  
  26  4:04  Starport  
  26  4:09  SCV  
  28  4:15  Factory Tech Lab  
  29  4:21  SCV  
  28  4:32  Marine x2  
  28  4:34  SCV  
  28  4:36  Siege Tank  
  34  4:42  Orbital Command  
  34  4:52  Banshee  
  37  4:56  SCV  
  38  5:00  Marine  
  38  5:02  Orbital Command, Marine  
  40  5:10  SCV  
  41  5:15  Supply Depot  
  41  5:18  Siege Tank  
  44  5:25  Supply Depot  
  44  5:26  Marine  
  46  5:31  SCV  
  46  5:36  SCV, Marine  
  46  5:37  Raven  
  50  5:43  SCV  
  50  5:48  SCV  
  52  5:55  SCV  
  52  5:56  Marine x2  
  55  6:00  SCV  
  55  6:01  Siege Tank, Refinery  
  59  6:05  Supply Depot  
  59  6:08  SCV  
  60  6:13  SCV  
  60  6:14  Marine  
  62  6:26  SCV x2, Marine  
  62  6:28  Supply Depot  
  62  6:50  SCV x2, Raven  
  62  6:53  Command Center  
  68  6:55  Siege Tank  
  68  6:56  Supply Depot  
  69  7:02  SCV  
  69  7:07  Refinery  
  70  7:17  Marine x2  
  70  7:18  SCV x2, Supply Depot  
  70  7:19  Supply Depot  
  74  7:29  Siege Tank  
  77  7:30  SCV  
  77  7:34  Barracks  
  78  7:38  Barracks  
  78  7:40  SCV  
  78  7:42  SCV  
  80  7:45  Engineering Bay x2  
  80  7:50  Marine  
  81  7:52  SCV  
  81  7:54  SCV  
  81  8:04  SCV  
  79  8:06  SCV  
  79  8:08  Marine  
  75  8:14  SCV  
  75  8:17  Viking  
  75  8:18  Viking  
  69  8:21  SCV  
  69  8:24  SCV  
  69  8:25  Marine  
  69  8:26  Barracks Reactor x2  
  71  8:27  Orbital Command  
  71  8:33  SCV  
  72  8:36  SCV  
  72  8:41  Barracks  
  72  8:46  Barracks  
Show
View Real Time Build Order
Export as new Build Order

MaSa Terran - Winner!

Build Orders:  

Get SALT Encoding   

  12  0:00  SCV  
  13  0:12  SCV  
  14  0:18  Supply Depot  
  14  0:24  SCV  
  15  0:40  SCV  
  16  0:42  Barracks  
  16  0:49  Refinery  
  16  0:54  SCV  
  17  1:05  Barracks  
  17  1:10  SCV  
  18  1:17  Refinery  
  18  1:22  SCV  
  19  1:29  Barracks Tech Lab  
  19  1:38  Orbital Command  
  19  1:49  Marauder  
  19  1:53  Barracks Tech Lab  
  21  2:04  Supply Depot  
  21  2:13  Marauder  
  22  2:18  Concussive Shells  
  22  2:26  Marauder  
  22  2:27  SCV  
  25  2:38  Marauder  
  25  2:41  SCV  
  28  2:50  Supply Depot  
  28  2:54  SCV  
  29  3:01  Marauder  
  31  3:12  SCV  
  32  3:23  Factory  
  32  3:24  Marauder, SCV  
  35  3:33  Stimpack  
  35  3:40  SCV  
  36  3:50  Marauder  
  36  3:52  SCV  
  36  3:55  Supply Depot  
  37  4:04  SCV  
  37  4:08  Supply Depot  
  38  4:14  Factory Tech Lab  
  38  4:16  SCV  
  39  4:21  Starport  
  39  4:28  SCV  
  39  4:30  Supply Depot  
  38  4:41  SCV  
  38  4:43  Cyclone  
  40  4:53  SCV  
  40  4:57  Command Center  
  40  4:59  Starport Tech Lab  
  41  5:06  Marauder  
  43  5:08  SCV  
  44  5:17  Medivac  
  44  5:20  SCV  
  47  5:23  Cyclone  
  50  5:34  SCV  
  51  5:37  Refinery  
  51  5:38  Barracks  
  51  5:46  Barracks  
  51  5:49  SCV  
  52  5:52  Raven  
  54  5:59  Engineering Bay  
  54  6:02  SCV  
  55  6:07  Siege Tank  
  58  6:15  SCV, Orbital Command  
  59  6:27  SCV  
  58  6:36  Barracks Reactor  
  58  6:37  Barracks Reactor  
  58  6:39  SCV  
  58  6:41  Raven  
  58  6:45  Siege Tank  
  64  6:47  SCV  
  64  6:49  Terran Infantry Weapons Level 1  
  64  6:51  SCV  
  65  6:59  SCV  
  66  7:03  SCV  
  66  7:06  Command Center  
  67  7:11  SCV  
  67  7:15  SCV, Marine x3, Supply Depot  
  72  7:23  SCV  
  72  7:27  Siege Tank  
  72  7:29  SCV  
  77  7:32  Starport Reactor, Combat Shield  
  77  7:35  SCV  
  78  7:38  Supply Depot  
  78  7:41  SCV  
  78  7:43  Marine x2  
  81  7:47  SCV, Marine x2  
  84  7:53  SCV  
  85  7:59  SCV  
  85  8:00  Marine, Supply Depot  
  85  8:01  Marine  
  85  8:05  Marine  
  89  8:07  SCV  
  89  8:11  SCV  
  84  8:19  SCV, Marine x3  
  85  8:20  Medivac x2  
  85  8:21  Siege Tank  
  85  8:23  Marine  
  85  8:26  SCV  
  95  8:32  SCV, Refinery  
  95  8:33  Supply Depot  
  95  8:36  Marine  
  95  8:37  Marine x2  
  95  8:38  SCV  
  99  8:44  SCV  
Tags
 
Add a new tag
Caveats
  • Supply blocks, unpowered buildings, or Contaminate may cause inaccurate times.
  • Supply counts are checked every 10 seconds.